cohdb
Replays
Latest Replays
All Replays
Popular Replays
Top Player Replays
Match Explorer
How It Works
Community
CoH3 Stats
Reddit
Sign in to upload your games and track your stats! →
Sign in with Steam
Match 45654960
Unlisted
Match 45654960
Overview
Messages
Build Orders
End
Construct Section Command Post
Vickers Machine Gun Team
Selects Air and Sea Battlegroup
Infantry Section
Infantry Section
Selects Supply Surplus
Construct Field Infirmary
ML 3-inch Mortar Team
Forward Retreat Point
Construct Platoon Command Post
Unlock Bishop Self-propelled Artillery
Selects UNKNOWN (223837)
Bishop Self-propelled Artillery
6-pounder Anti-tank Gun Team
Selects Commando Section Paradrop
Construct Company Command Post
Commando Section Paradrop
Centaur IV Medium Tank
Commando Section Paradrop
Infantry Section
Centaur IV Medium Tank
Selects Assault Flares
Selects M1 Pack Howitzer Paradrop
Assault Flares
Centaur IV Medium Tank
Assault Flares
Centaur IV Medium Tank
Armored Vehicle Training
A_Smoove
easymodu
Sherlockgam3r
The_Honey_Bear
Sass
qEp
39951000
♥Alfred2♥
0
0
Comments
sign in to comment!
No comments posted yet!